Description

phi

Replay - Phi_vs_terren

Build Order

Get SALT Encoding   

  12  0:01  Probe (Chrono Boost)  
  13  0:11  Probe (Chrono Boost)  
  14  0:19  Pylon  
  14  0:23  Probe (Chrono Boost)  
  15  0:37  Probe (Chrono Boost)  
  15  0:39  Gateway  
  16  0:43  Assimilator  
  16  0:48  Probe (Chrono Boost)  
  17  0:58  Probe (Chrono Boost)  
  18  1:09  Probe (Chrono Boost)  
  19  1:19  Probe (Chrono Boost)  
  20  1:26  Cybernetics Core  
  20  1:39  Nexus  
  20  1:45  Assimilator  
  21  1:47  Probe (Chrono Boost)  
  21  1:54  Pylon  
  21  1:57  Probe (Chrono Boost)  
  22  2:06  Warp Gate  
  22  2:12  Adept  
  22  2:14  Mothership Core (Chrono Boost)  
  26  2:33  Probe (Chrono Boost), Robotics Facility  
  27  2:41  Adept  
  27  2:43  Probe (Chrono Boost)  
  30  2:52  Pylon  
  30  2:54  Probe (Chrono Boost)  
  30  2:56  Probe (Chrono Boost)  
  32  3:08  Probe x2 (Chrono Boost)  
  32  3:11  Adept  
  36  3:22  Observer  
  36  3:26  Gateway  
  37  3:27  Gateway  
  37  3:28  Probe (Chrono Boost)  
  37  3:30  Probe (Chrono Boost)  
  39  3:39  Adept  
  41  3:47  Observer  
  42  3:49  Probe x2 (Chrono Boost)  
  42  3:55  Pylon  
  44  3:59  Twilight Council  
  44  4:00  Probe x2 (Chrono Boost)  
  46  4:11  Immortal  
  50  4:25  Probe x2 (Chrono Boost)  
  50  4:26  Sentry  
  50  4:27  Sentry  
  56  4:40  Probe x2 (Chrono Boost)  
  56  4:44  Nexus  
  58  4:45  Assimilator  
  58  4:48  Assimilator  
Spawning Tool Build Advisor. Get it on Overwolf

Go to:

Details

  • Created by: phi
  • Published on: Sep 25, 2016
  • Modified on: Sep 25, 2016
  • Patch: Pre-3.8.0
Show
View Real Time Build Order
Export as new Build Order

Comments (0)

There are no comments. Be the first!

Create an account to comment!